 Dungeon Crawl Stone Soup version 0.32-a0-13-gbaedc5810e (webtiles) character file.

Game seed: 9370671522109655367

10 Ivernyr the Shield-Bearer (level 2, 0/24 HPs)
             Began as a Formicid Fighter on Jan 15, 2024.
             Succumbed to a kobold's poison
             ... on level 1 of the Dungeon.
             The game lasted 00:00:47 (322 turns).

Ivernyr the Shield-Bearer (Formicid Fighter)         Turns: 322, Time: 00:00:47

Health: 0/24       AC:  6    Str: 20    XL:     2   Next: 30%
Magic:  2/2        EV:  9    Int:  7    God:
Gold:   13         SH:  5    Dex: 13    Spells: 1/1 levels left

rFire   . . .        a - +0 quarterstaff
rCold   . . .        c - +0 buckler
rNeg    . . .        b - +0 scale mail
rPois   .            (helmet unavailable)
rElec   .            (no cloak)
rCorr   +            (no gloves)
SInv    +            (no boots)
Will    .....        (no amulet) Stlth
                     f - ring of resist corrosion
HPRegen 0.24/turn    (no ring)
MPRegen 0.08/turn

%: no passive effects
@: lethally poisoned (0 -> -6)
A: permanent stasis, dig shafts and tunnels, antennae 3, four strong arms
a: Dig, Shaft Self


You were on level 1 of the Dungeon.
You visited 1 branch of the dungeon, and saw 1 of its levels.

You collected 13 gold pieces.

Inventory:

Hand Weapons
 a - a +0 quarterstaff (weapon)
Missiles
 g - a throwing net
Armour
 b - a +0 scale mail (worn)
 c - a +0 buckler (worn)
Jewellery
 f - a ring of resist corrosion (left hand)
Scrolls
 e - a scroll of blinking {unknown}
 h - a scroll of silence {unknown}
Potions
 d - a potion of might


   Skills:
 + Level 3.4 Fighting
 * Level 2.3 Staves
 + Level 3.4 Armour
 + Level 4.2 Shields


You had one spell level left.
You didn't know any spells.
Your spell library contained the following spells:

 Spells                   Type           Power      Damage    Failure   Level
 Static Discharge         Conj/Air       0%         3-3/arc   94%         2
 Airstrike                Air            0%         2d(0-16)  100%        4
 Summon Lightning Spire   Summ/Air       0%         N/A       100%        4


Dungeon Overview and Level Annotations

Branches:
Dungeon (1/15)

Altars:


Innate Abilities, Weirdness & Mutations

You cannot be hasted, slowed, berserked, paralysed or teleported.
You can dig through walls and to a lower floor.
You have a pair of large antennae on your head. (SInv)
Your four strong arms can wield two-handed weapons with a shield.


Message History

A frilled lizard is nearby!
The frilled lizard bites you.
You hit the frilled lizard.
You kill the frilled lizard!
You see here a frilled lizard corpse.
A kobold comes into view. It is wielding a +0 dagger of venom.
The kobold shouts!
The kobold throws a stone.
The stone barely misses you.
A kobold is nearby!
The kobold throws a stone.
You block the stone.
The kobold throws a stone.
The stone hits you but does no damage.
The kobold throws a stone.
The stone hits you. The kobold barely misses you.
You hit the kobold but do no damage. The kobold hits you but does no damage.
You are poisoned.
You hit the kobold but do no damage.
You feel sick. The kobold barely misses you.
You completely miss the kobold.
You feel sick. The kobold hits you but does no damage.
You are more poisoned.
You closely miss the kobold.
You feel very sick. The kobold barely misses you.
The kobold hits you but does no damage.
You are lethally poisoned!
You completely miss the kobold.
You feel very sick. You block the kobold's attack.
You hit the kobold.
You kill the kobold!
* * * LOW HITPOINT WARNING * * *
You feel very sick.
There is a lethal amount of poison in your body!
Okay, then.
* * * LOW HITPOINT WARNING * * *
You feel sick.
* * * LOW HITPOINT WARNING * * *
You feel very sick.
* * * LOW HITPOINT WARNING * * *
You feel sick.
You die...

. .. #. #########
....##.# #.......
........ #.....)#
....#... #......#
.....>.#. #......# ..
♣..... #......#
.♣♣♣♣♣♣♣.#.
+......####.♣♣♣∩∩∩♣♣...
#.....@.#...♣♣∩...∩....
###........♣ ♣.....♣♣♣.
#.....##.♣♣∩.♣.♣.∩♣♣.
#####.##.... ♣<♣.∩♣♣.
#.##.♣♣∩ ♣.♣.∩♣♣(
#.##.♣♣ .[...♣♣.
#.....♣ ∩...∩♣...
###.†.♣♣♣∩∩∩♣♣♣.#
##...♣♣♣♣♣♣♣.##


There were no monsters in sight!

Vanquished Creatures
  A ball python (D:1)
  An endoplasm (D:1)
  A goblin (D:1)
  A hobgoblin (D:1)
  3 bats (D:1)
  A frilled lizard (D:1)
  A kobold (D:1)
9 creatures vanquished.

Notes
Turn   | Place    | Note
-------+----------+-------------------------------------------
     0 | D:1      | Ivernyr the Formicid Fighter began the quest for the Orb.
     0 | D:1      | Reached XP level 1. HP: 18/18 MP: 1/1
   128 | D:1      | Reached XP level 2. HP: 14/24 MP: 2/2
   322 | D:1      | Succumbed to a kobold's poison

Illustrated notes

Levels and vault maps discovered:
D:1:      heliophobic_arrival_henge, layout_basic

Action                     || total
---------------------------++-------
  Melee: Quarterstaff      ||    27
 Armour: Scale mail        ||    34
  Dodge: Dodged            ||    23
  Block: Buckler           ||    14

Table legend: (Time is in decaauts)
 A = Elapsed time spent in this place.
 B = Non-inter-level travel time spent in this place.
 C = Inter-level travel time spent in this place.
 D = Time resting spent in this place.
 E = Time spent auto-exploring this place.
 F = Levels seen in this place.
 G = Mean time per level.
                   A        B        C        D        E       F      G
               +--------+--------+--------+--------+--------+-----+--------+
         Total |    327 |    327 |      0 |     37 |    186 |   1 |  327.0 |
       Dungeon |    327 |    327 |      0 |     37 |    186 |   1 |  327.0 |
               +--------+--------+--------+--------+--------+-----+--------+

Top non-repeatable levels by time:
     D:1: 327 daAuts
